Unix NetHack Version 5.0.0-0 post-release - last build May 31 2026 23:59:36 (970b52f25bf058293b47ddfd14a1e40e571c508c,branch:main).

Game began 2026-06-08 14:01:52, ended 2026-06-08 15:09:03.

AndiBanandi, chaotic female elven Priestess

                           ---
                          --.--      ------
                          |...|     --....|
                         --...|   ---...|.|                      .--
                         |..---  --.=..-|.----                  ...--
                         -...| ---+.----|....|                 ......
                         ..|.--|...--   |....|     ---        -......
                         .-|/.-|.------ |....---  --.--      --.....
                           --..|.|--..| |......-- |...| ------.....
                            --.|.||...----.......---.----.)....---
                             |.|.---....|--.<.............------
                             |(...--....| --........-------
                             -->........|  --...%..--
                              -----d....|    ......---
                                |..-@.---    .)......---
                               --.....|     -.....[..)..
                               |......--   -.......).[..
                              --.......|  |.....|......
                              |....-----  |...
                              --.---      ---
                               ---
AndiBanandi the Adept        St:13 Dx:15 Co:15 In:10 Wi:15 Ch:8  Chaotic
Dlvl:8  $:114 HP:0(56) Pw:94(94) AC:-5 Xp:7 T:4104  Stone Hallu

Latest messages:
 The ogre lord misses!
 You hit the forest centaur!
 The monkey bites!
 You kill the water nymph!
 You see a cobra.
 The green mold just misses!
 You hit the chess pawn!
 The water nymph bites!
 You hit the brown mold!
 The soldier ant summons help!
 A vampire suddenly appears next to you!
 A plains centaur suddenly appears next to you!
 A gnome mummy suddenly appears next to you!
 The warg bites!
 You kill the green dragon!
 The Nazgul bites!
 The gecko misses!
 The rothe misses!
 You kill the fire ant!
 The baby gold dragon misses!
 The toothsayer bites!
 You kill Lord British!
 The steam vortex bites!
 You kill the monkey!
 You see here a jackal corpse.
 You see here a jackal corpse.
 There is a jackal corpse here; eat it? [ynq] (n) y
 This jackal corpse is copacetic.
 You finish eating the jackal corpse.
 u - a tripe ration.
 w - a lizard corpse.
 You see a frosted giant.
 The yellow mold bites!
 The giant mimic touches you!
 You hit the flaming sphere!
 The hill giant bites!
 The marilith touches you!
 You hear hissing.
 The human mummy appears to be blowing you a kiss...
 You are slowing down.
 Your limbs are stiffening.
 You see a white dragon.
 Your limbs have turned to stone.
 You have turned to stone.
 You are a statue.
 Do you want your possessions identified? [ynq] (y) y
 Do you want to see your attributes? [ynq] (y) y
 Do you want an account of creatures vanquished? [ynaq] (y) y
 Do you want to see your conduct and achievements? [ynq] (y) y
 Do you want to see the dungeon overview? [ynq] (y) y

Inventory:
 Coins    ('$')
  $ - 114 gold pieces
 Weapons  (')')
  Z - 2 blessed +0 darts
  m - a +0 dagger
  a - a blessed +1 mace (weapon in right hand)
 Armor    ('[')
  M - a +0 dwarvish iron helm (being worn)
  R - a blessed +1 pair of iron shoes (being worn)
  O - a +0 dwarvish roundshield (being worn)
  b - a +0 robe (being worn)
  P - a +0 dwarvish mithril-coat (being worn)
 Comestibles  ('%')
  J - a slime mold
  e - a clove of garlic
  r - 4 food rations
  s - a food ration
  f - a sprig of wolfsbane
  u - a tripe ration
  w - a lizard corpse
  Y - a lizard corpse
 Scrolls  ('?')
  t - a scroll of enchant weapon
  l - a scroll of identify
 Potions  ('!')
  d - 4 potions of holy water
 Rings    ('=')
  j - a ring of searching (on right hand)
 Wands    ('/')
  v - a wand of opening (0:5)
  C - a wand of sleep (0:7)
  g - a wand of undead turning (0:8)
 Tools    ('(')
  i - a bell
  o - a blindfold
  p - a lock pick
 Gems/Stones  ('*')
  W - a worthless piece of black glass
  G - 2 worthless pieces of blue glass
  D - a worthless piece of red glass
  U - a worthless piece of violet glass
  q - 2 worthless pieces of white glass
  V - a worthless piece of white glass
  h - 2 worthless pieces of yellowish brown glass

AndiBanandi the Priestess's attributes:

Background:
 You were an Adept, a level 7 elven Priestess.
 You were chaotic, nominally on a mission for Anhur
 who was opposed by Ptah (lawful) and Thoth (neutral).
 You were right-handed.
 You were in the Gnomish Mines, on level 8.
 You entered the dungeon 4104 turns ago.
 You had 907 experience points, 373 more were needed to attain level 8.

Basics:
 You had 0 out of 56 hit points.
 You had all 94 energy points (spell power).
 Your armor class was -5.
 Your wallet contained 114 aurics.
 Autopickup was on for '$"/!?+' plus thrown.

Final Characteristics:
 Your strength was 13 (limit:18).
 Your dexterity was 15 (limit:18).
 Your constitution was 15 (peak:16, limit:16).
 Your intelligence was 10 (limit:20).
 Your wisdom was 15 (limit:20).
 Your charisma was 8 (limit:18).

Final Status:
 You turned into stone.
 You were hallucinating.
 You weren't hungry.
 You were unencumbered.
 You were wielding a mace.
 You had expert skill with mace.

Final Attributes:
 You were piously aligned.
 You were sleep resistant.
 You were telepathic.
 You had automatic searching.
 You had infravision.
 You were guarded.
 Your spell casting was impaired by metallic armor, mitigated by your robe.
 You are dead (2nd time!).

Miscellaneous:
 You didn't encounter any bones levels.
 Total elapsed playing time was 43 minutes and 23 seconds.

Major events:
 Turn
    1: AndiBanandi the chaotic elven Priestess entered the dungeon
 1160: attained the rank of Acolyte (level 3)
 2073: entered the Gnomish Mines
 3117: attained the rank of Adept (level 6)
 3485: reached Mine Town
 3746: averted death (killed by a water elemental)
 4104: petrified by a chickatrice

Spells:
 Name                 Level Category     Fail Retention
 detect monsters        1   divination   100%  76%-100%
 protection             1   clerical     100%   71%-80%
 healing                1   healing      100%  76%-100%

Skills:
 Fighting Skills
   bare handed combat [Unskilled]
 Weapon Skills
   club               [Unskilled]
   mace               [Expert]
   morning star       [Unskilled]
   flail              [Unskilled]
   hammer             [Unskilled]
   quarterstaff       [Unskilled]
   polearms           [Unskilled]
   spear              [Unskilled]
   trident            [Unskilled]
   lance              [Unskilled]
   bow                [Unskilled]
   sling              [Unskilled]
   crossbow           [Unskilled]
   dart               [Unskilled]
   shuriken           [Unskilled]
   boomerang          [Unskilled]
   unicorn horn       [Unskilled]
 Spellcasting Skills
   healing spells     [Unskilled]
   divination spells  [Unskilled]
   clerical spells    [Basic]

Voluntary challenges:
 Character rerolling was not enabled.
 You were an atheist.
 You never had a pet.
 You never genocided any monsters.
 You never polymorphed an object.
 You never changed form.
 You used no wishes.
Achievements:
 You attained the rank of Acolyte.
 You entered a shop.
 You entered the Gnomish Mines.
 You attained the rank of Adept.
 You entered Minetown.

 The Dungeons of Doom: levels 1 to 5
    Level 1:
       A fountain.
    Level 2:
       A grave.
    Level 3:
       A general store, a grave.
    Level 4:
       Stairs down to The Gnomish Mines.
    Level 5:
 The Gnomish Mines: levels 5 to 9
    Level 5:
    Level 6:
    Level 7:
    Level 8: <- You were here.
       Final resting place for
          you, petrified by a chickatrice.
    Level 9:


Vanquished creatures:
  a water elemental
  a gnome ruler
  a yeti
  2 lizards
 an orc shaman
  a violet fungus
  7 gnome leaders
 an elf zombie
  a giant ant
  3 floating eyes
  8 dwarves
  a kobold leader
  2 kobold shamans
  a hill orc
  a rothe
  a rabid rat
  a monkey
  a wererat
  3 werejackals
  2 iguanas
  2 acid blobs
  a coyote
  a gas spore
  3 hobbits
  a cave spider
  a brown mold
 25 gnomes
  a gecko
  5 jackals
  a fox
  a kobold
  2 sewer rats
  2 grid bugs
  4 lichens
  3 kobold zombies
  4 newts
97 creatures vanquished.

No species were genocided or became extinct.

Game over:
                       ----------
                      /          \
                     /    REST    \
                    /      IN      \
                   /     PEACE      \
                  /                  \
                  |   AndiBanandi    |
                  |      114 Au      |
                  |  petrified by a  |
                  |   chickatrice    |
                  |                  |
                  |                  |
                  |       2026       |
                 *|     *  *  *      | *
        _________)/\\_//(\/(/\)/\//\/|_)_______

Goodbye AndiBanandi the Priestess...

You turned to stone in The Gnomish Mines on dungeon level 8 with 4171 points,
and 114 pieces of gold, after 4104 moves.
You were level 7 with a maximum of 56 hit points when you turned to stone.

